 Dungeon Sprint DCSS version 0.26-a0-660-gc07710193c (webtiles) character file.

Game seed: 13940992658534089458

100 sahdkjhfkaj the Martial Artist (level 4, -20/28 HPs)
             Began as an Octopode Transmuter on Oct 5, 2020.
             Demolished by a shadow (29 damage)
             ... in the Dungeon (Sprint III: "The Ten Rune Challenge").
             The game lasted 00:01:08 (394 turns).

sahdkjhfkaj the Martial Artist (Octopode Transmuter) Turns: 394, Time: 00:01:09

Health: -20/28     AC:  1    Str: 10    XL:     4   Next: 73%
Magic:  7/7        EV: 13    Int: 15    God:
Gold:   7          SH:  0    Dex: 12    Spells: 6/7 levels left

rFire    . . .     SeeInvis .     - Unarmed
rCold    . . .     Faith    .   (no shield)
rNeg     . . .     Spirit   .   (helmet currently unavailable)
rPois    .         Reflect  .   (no amulet)
rElec    .         Harm     .   (no ring)
rCorr    .         Rampage  .   (no ring)
MR       .....     NoTele   +   (no ring)
Stlth    ++........             (no ring)
HPRegen  0.09/turn              (no ring)
MPRegen  0.10/turn              (no ring)
                                (no ring)
                                (no ring)

@: appendages
A: almost no armour, stealthy swim, amphibious, 8 rings, constrict 8, tentacle
spike 3, camouflage 1, gelatinous body 1
a: End Transformation


You were in the Dungeon.
One of your tentacles had a temporary spike.
You visited 1 branch You collected 7 gold pieces.

Inventory:

Jewellery
 a - an uncursed ring of poison resistance {unknown}
Scrolls
 g - a scroll of blinking
 h - 2 scrolls of torment {unknown}
 i - 3 scrolls of identify
 j - 2 scrolls of remove curse {unknown}
Potions
 b - a potion of curing
 d - a potion of haste
 e - 2 potions of magic
 k - 2 potions of might {unknown}
 l - 2 potions of flight {unknown}
 m - 4 potions of mutation


   Skills:
 - Level 1.0 Fighting
 - Level 2.0 Dodging
 - Level 8.3 Unarmed Combat
 - Level 2.0 Spellcasting
 + Level 4.9 Transmutations


You had 6 spell levels left.
You knew the following spells:

 Your Spells              Type           Power        Failure   Level
a - Beastly Appendage     Tmut           ###...       3%          1

Your spell library contained the following spells:

 Spells                   Type           Power        Failure   Level
 Wereblood                Tmut           ###.....     4%          2
 Spider Form              Tmut/Pois      #.........   24%         3
 Ice Form                 Ice/Tmut       #.......     63%         4
 Blade Hands              Tmut           ###.......   63%         5


Dungeon Overview and Level Annotations

Branches:
Dungeon (1/1)

Altars:


Innate Abilities, Weirdness & Mutations

You cannot wear most types of armour.
You are very stealthy in the water. (Stealth+)
You are amphibious.
You can wear up to eight rings at the same time.
You can use your tentacles to constrict eight enemies at once.
Your skin changes colour to match your surroundings (Stealth+).
Your rubbery body absorbs attacks. (AC +1, EV +1)
One of your tentacles bears a large vicious spike.


Message History

The shadow is almost destroyed.
The shadow hits you!
Ouch! That really hurt!
* * * LOW HITPOINT WARNING * * *
You feel much better. The shadow hits you!
You barely miss the shadow.
You pierce the shadow.
Your squeeze misses the shadow.
The shadow is almost destroyed.
A spatial vortex comes into view.
You tentacle-slap the shadow but do no damage.
The shadow is almost destroyed.
The shadow slips into darkness.
The shadow flickers and vanishes!
Deactivating autopickup; reactivate with Ctrl-A.
The jelly hits you.
You are splashed with acid!
You closely miss something.
Your tentacle spike misses something.
You squeeze something.
The shadow strikes at you from the darkness!
Ouch! That really hurt!
You die...

▓▓▓ # ##.# #####..#
.#..#..#
.#..#..###+#+###+##
.##'#..#.........{#
.###...'.⌠......@.#
####...#...######J#
###....#.⌠.# .#
##.....#...# .#
#......#+### .#
.#.....# .'
###....# v# ▓▓▓▓▓▓
▓▓


You could see a spatial vortex and a jelly.

Vanquished Creatures
  A water elemental (D)
  A human (D)
  A wolf (D)
  An ooze (D)
  3 rats (D)
7 creatures vanquished.

Notes
Turn   | Place    | Note
-------+----------+-------------------------------------------
     0 | D        | sahdkjhfkaj the Octopode Transmuter began the quest for the
                  | Orb.
     0 | D        | Reached XP level 1. HP: 13/13 MP: 3/3
    13 | D        | Reached skill level 4 in Unarmed Combat
   209 | D        | Reached XP level 2. HP: 18/18 MP: 3/5
   246 | D        | Reached skill level 6 in Unarmed Combat
   246 | D        | Reached XP level 3. HP: 23/23 MP: 4/6
   265 | D        | Reached skill level 7 in Unarmed Combat
   295 | D        | Noticed a water elemental
   299 | D        | Killed a water elemental
   299 | D        | Reached skill level 8 in Unarmed Combat
   299 | D        | Reached XP level 4. HP: 28/28 MP: 5/7
   380 | D        | Noticed a shadow
   390 | D        | HP: 1/28 [shadow (14)]
   392 | D        | Noticed a spatial vortex
   394 | D        | Demolished by a shadow

Illustrated notes

Levels and vault maps discovered:
D:        dungeon_sprint_mu [sprint_mu_entry_cave, sprint_mu_temple_rooms,
          sprint_mu_d1_spiders, sprint_mu_d2_genie, sprint_mu_d3_branching,
          sprint_mu_orc_legion, sprint_mu_elf_gauntlet, sprint_mu_hive_nellie,
          sprint_mu_lair_fedhas, sprint_mu_vaults_butterflies,
          sprint_mu_slime_circle, sprint_mu_shoals_archi,
          sprint_mu_snake_twists, sprint_mu_blade_basic,
          sprint_mu_crypt_chambers, sprint_mu_tomb_spiral,
          sprint_mu_vestibule_basic, sprint_mu_gehenna_hellfire,
          sprint_mu_dis_giant, sprint_mu_tartarus_statrot,
          sprint_mu_cocytus_islands, sprint_mu_zot1]

Skill      XL: |  1  2  3 |
---------------+----------+-----
Unarmed Combat | 4 6 8 |  8.3
Transmutations | 4 |  4.9
Fighting       | |  1.0
Dodging        | |  2.0
Spellcasting   | |  2.0

Action                   |  1- 3 |  4- 6 || total
-------------------------+-------+-------++-------
Melee: Unarmed           |    19 |    10 ||    29
       Kick              |     7 |     3 ||    10
       Tentacles         |     3 |     1 ||     4
       Constrict         |     3 |       ||     3
       Punch             |       |     1 ||     1
 Cast: Beastly Appendage |     6 |     2 ||     8
  Use: Potion            |     1 |     1 ||     2
 Stab: Sleeping          |     1 |       ||     1
Armor: Skin              |       |     1 ||     1
Dodge: Dodged            |    12 |     3 ||    15

Table legend: (Time is in decaauts)
 A = Elapsed time spent in this place.
 B = Non-inter-level travel time spent in this place.
 C = Inter-level travel time spent in this place.
 D = Time resting spent in this place.
 E = Time spent auto-exploring this place.
 F = Levels seen in this place.
 G = Mean time per level.
                   A        B        C        D        E       F      G
               +--------+--------+--------+--------+--------+-----+--------+
         Total |    402 |    402 |      0 |    270 |      6 |   1 |  402.0 |
       Dungeon |    402 |    402 |      0 |    270 |      6 |   1 |  402.0 |
               +--------+--------+--------+--------+--------+-----+--------+

Top non-repeatable levels by time:
       D: 402 daAuts
